AoeStats
← PlayerSlayer12

African Clearing

510303679Analyzed
4v4 RM · 16h ago on Sep 30, 2026· 25m 46s· 8 players
Game mode
Random Map
Map size
Large (8 player)
Population
200
Speed
Normal
Resources
Standard
Victory
Conquest
Starting age
Dark Age
Ending age
Imperial Age
RankedLock teamsTeams togetherTeam positionsShared explorationLock speedFull tech treeHidden civsTurbo modeCheats
Victory
Defeat
🇨🇳 Magyars · China
1097
+14
🇹🇼 Cumans · Taiwan
1080
+15
🇨🇳 Spanish · China
978
+19
🇨🇳 Burgundians · China
944
+20
🇦🇷 Berbers · Argentina
1222
-23
🇦🇷 Cumans · Argentina
1142
-21
🇭🇺 Khitans · Hungary
992
-15
🇦🇷 Vietnamese · Argentina
846
-9
Toxic
13:11 Feudal Age
15:01 Bloodlines
21:23 Castle Age
diavolomagro
9:53 Loom
12:23 Feudal Age
13:43 Double-Bit Axe
22:01 Castle Age
21:34 Town Watch
23:57 Fletching
Rodro JETS
6:16 Loom
12:54 Feudal Age
14:33 Town Watch
18:59 Castle Age
17:36 Double-Bit Axe
18:55 Fletching
21:37 Bow Saw
21:59 Padded Archer Armor
24:10 Pikeman
PlayerSlayer12
6:52 Loom
17:20 Feudal Age
23:06 Castle Age
21:36 Domestication
23:46 Double-Bit Axe
harry841110
3:07 Loom
17:38 Feudal Age
19:05 Double-Bit Axe
21:11 Horse Collar
25:42 Castle Age
25:03 Wheelbarrow
24:14 Town Watch
25:30 Stone Mining
25:31 Gold Mining
26:22 Bloodlines
26:27 Forging
26:22 Scale Barding Armor
逗你玩
11:50 Loom
14:19 Feudal Age
16:41 Bloodlines
18:02 Scale Barding Armor
18:43 Wheelbarrow
22:39 Castle Age
21:14 Stone Mining
21:54 Gold Mining
24:03 Gold Shaft Mining
23:43 Husbandry
23:37 Light Cavalry
sw恼火
4:06 Loom
14:46 Feudal Age
20:20 Castle Age
21:37 Cavalier
ytmq
4:21 Loom
13:57 Feudal Age
14:31 Double-Bit Axe
14:46 Horse Collar
15:42 Bloodlines
20:55 Castle Age
21:53 Forging
Connection lost

Rejoining the realm…

Still unreachable

The connection could not be restored.

Session expired

The server has moved on; the page needs a fresh start.